 Dungeon Crawl Stone Soup version 0.32-a0-918-g0f22ef8d61 (webtiles) character file.

Game seed: 17812783142651833202

25470 pokeman the Eclecticist (level 12, 0/68 HPs)
             Began as a Deep Elf Hedge Wizard on Apr 11, 2024.
             Was a High Priest of Vehumet.
             Slain by an ice devil (9 damage)
             ... in a Gauntlet.
             The game lasted 00:46:48 (15830 turns).

pokeman the Eclecticist (Deep Elf Hedge Wizard)    Turns: 15830, Time: 00:46:48

Health: 0/68       AC: 10    Str:  7    XL:     12   Next: 89%
Magic:  54/54      EV: 11    Int: 27    God:    Vehumet [*****.]
Gold:   2553       SH:  0    Dex: 14    Spells: 21/47 levels left

rFire   + . .        l - +6 sling of Sofius {flame, SInv Stlth+}
rCold   + . .        (no shield)
rNeg    . . .        e - +1 leather armour {rC+ rF+}
rPois   .            h - +1 helmet
rElec   .            P - +0 cloak
rCorr   +            b - +0 pair of gloves
SInv    +            B - +0 pair of boots
Will    +....        (no amulet)
Stlth   +++          s - ring "Yhiack" {rCorr MP+9 Int+2}
HPRegen 0.31/turn    k - ring of magical power
MPRegen 0.34/turn

%: no teleportation
@: no status effects
A: no striking features
a: Renounce Religion


You were in a Gauntlet.
You worshipped Vehumet.
Vehumet was extremely pleased with you.
You visited 2 branches of the dungeon, and saw 14 of its levels.
You also visited: Ossuary, Gauntlet and Ice Cave.

You collected 3328 gold pieces.
You spent 775 gold pieces at shops.

Inventory:

Hand Weapons
 l - the +6 sling of Sofius (weapon) {flame, SInv Stlth+}
   (You found it on level 2 of the Dungeon)

   SInv:      It lets you see invisible.
   Stlth+:    It makes you more stealthy.
Missiles
 S - 4 curare-tipped darts
Armour
 a - a +0 buckler
 b - a +0 pair of gloves (worn)
 e - a +1 leather armour of resistance (worn)
 h - a +1 helmet (worn)
 B - a +0 pair of boots (worn)
 M - the +0 hat of the Dungeon {Harm rC- rN+++ Str-3}
   (You found it in a Gauntlet)

   Str-3:     It affects your strength (-3).
   rC-:       It makes you vulnerable to cold.
   rN+++:     It renders you almost immune to negative energy.
   Harm:      It increases damage dealt and taken.
 P - a +0 cloak (worn)
Jewellery
 k - a ring of magical power (right hand)
 m - the amulet of Elemental Vulnerability {rPois rF-- rC-- AC+8}
   (You found it on level 2 of the Dungeon)

   [amulet of nothing]

   AC+8:      It affects your AC (+8).
   rF--:      It makes you very vulnerable to fire.
   rC--:      It makes you very vulnerable to cold.
   rPois:     It protects you from poison.
 s - the ring "Yhiack" (left hand) {rCorr MP+9 Int+2}
   (You bought it in a shop on level 3 of the Dungeon)

   [ring of magical power]

   Int+2:     It affects your intelligence (+2).
   MP+9:      It affects your magic capacity (+9).
   rCorr:     It protects you from acid and corrosion.
 u - a ring of protection from fire
Wands
 g - a wand of mindburst (8)
 n - a wand of flame (4)
 D - a wand of warping (13)
 O - a wand of paralysis (9)
 T - a wand of digging (7)
Scrolls
 i - a scroll of identify
 j - a scroll of amnesia
 o - a scroll of blinking
 v - 4 scrolls of teleportation {unknown}
 y - 4 scrolls of immolation {unknown}
 z - 4 scrolls of enchant armour {unknown}
 A - 2 scrolls of noise {unknown}
 C - a scroll of enchant weapon {unknown}
 H - a scroll of revelation {unknown}
 I - a scroll of summoning
 J - 2 scrolls of fear {unknown}
 K - a scroll of silence {unknown}
Potions
 d - a potion of magic
 f - 6 potions of attraction
 p - a potion of berserk rage {unknown}
 q - 5 potions of mutation {unknown}
 r - a potion of brilliance {unknown}
 t - 10 potions of curing
 w - 2 potions of enlightenment {unknown}
 x - 5 potions of haste {unknown}
 E - 3 potions of lignification {unknown}
 F - 3 potions of cancellation {unknown}
 G - 3 potions of invisibility {unknown}
 L - 2 potions of degeneration
 V - 3 potions of heal wounds {unknown}
Miscellaneous
 c - a condenser vane


   Skills:
 - Level 5.0 Fighting
 - Level 5.0 Armour
 - Level 3.0 Dodging
 - Level 3.1 Stealth
 + Level 3.1 Shields
 * Level 18.2 Spellcasting
 - Level 9.2 Conjurations
 - Level 1.1 Summonings
 - Level 1.1 Translocations
 - Level 1.0 Fire Magic
 * Level 11.5 Ice Magic
 - Level 1.0 Air Magic
 - Level 1.3 Earth Magic
 - Level 2.0 Alchemy
 - Level 2.0 Evocations


You had 21 spell levels left.
You knew the following spells:

 Your Spells              Type           Power      Damage    Failure   Level
a - Magic Dart            Conj           100%       1d8       1%          1
b - Mephitic Cloud        Conj/Alch/Air  46%        N/A       1%          3
c - Call Imp              Summ           60%        N/A       2%          2
d - Blink                 Tloc           60%        N/A       2%          2
e - Foxfire               Conj/Fire      100%       2x1d9     1%          1
f - Ozocubu's Armour      Ice            72%        N/A       1%          3
g - Hailstorm             Conj/Ice       69%        3d12      1%          3
h - Ozocubu's Refrigerat  Ice            36%        4d15      5%          7
i - Flame Wave            Conj/Fire      51%        2d13      1%          4

Your spell library contained the following spells:

 Spells                   Type           Power      Damage    Failure   Level
 Ensorcelled Hibernation  Hex/Ice        100%       N/A       1%          2
 Slow                     Hex            96%        N/A       2%          1
 Cigotuvi's Dreadful Rot  Necr/Alch/Air  60%        N/A       2%          2
 Passwall                 Erth           31%        N/A       4%          3
 Swiftness                Air            30%        N/A       5%          3
 Fugue of the Fallen      Necr           24%        N/A       8%          3
 Starburst                Conj/Fire      25%        6d8       13%         6
 Plasma Beam              Fire/Air       15%        2x1d26    52%         6
 Haunt                    Necr/Summ      13%        N/A       100%        7
 Manifold Assault         Tloc           15%        N/A       100%        7
 Borgnjor's Revivificati  Necr           12%        N/A       100%        8
 Death's Door             Necr           12%        N/A       100%        9


Dungeon Overview and Level Annotations

Branches:
Dungeon (13/15)            Temple (1/1) D:4            Lair (0/5) D:9
    Orc (0/2) D:9         Ossuary (visited)           IceCv (visited)
Gauntlet (1/1)
 Vaults: D:13-14

Altars:
Ashenzari
Cheibriados
Dithmenos
Elyvilon
Fedhas
Gozag
Hepliaklqana
Kikubaaqudgha
Makhleb
Nemelex Xobeh
Okawaru
Qazlal
Ru
Sif Muna
Trog
Uskayaw
Vehumet
Wu Jian
Xom
Yredelemnul
Zin
The Shining One
Beogh

Shops:
D:3 *   D:5 *   D:12 =(*![

Annotations:
D:7 1 runed translucent door, smashvw's ghost, novice TrFi
D:9 3 runed translucent doors, JoadsterXIII's ghost, novice SpBr Gauntlet 12 transporters


Message History

The ice devil attacks as it pursues you!
The ice devil hits you but does no damage.
The blizzard demon is engulfed in freezing vapours.
The blizzard demon gestures at you.
The freezing blast engulfs the ice devil.
The ice devil completely resists.
There is a transporter here.
You enter the transporter and appear at another place.
The ice devil hits you.
* * * LOW HITPOINT WARNING * * *
The ice devil freezes you. You resist.
* * * LOW HITPOINT WARNING * * *
Unknown command.
Unknown command.
Casting: Flame Wave (dangerous; 1% risk of failure)
Confirm with . or Enter, or press ? or * to list all spells.
You blink.
Aiming: Warp Space
Press: ? - help, Shift-Dir - straight line Space twists violently!
The rupture engulfs the ice devil!
The ice devil blinks!
The ice devil is moderately wounded.
Unknown command.
You feel ready to blink again.
Aiming: Warp Space
Press: ? - help, Shift-Dir - straight line, f - ice devil
Aim: an ice devil (lightly wounded, chance to blink: 57%) Space twists violently!
The rupture engulfs the ice devil!
The ice devil is moderately wounded.
Aiming: Warp Space
Press: ? - help, Shift-Dir - straight line, f/p - ice devil
Aim: an ice devil (moderately wounded, chance to blink: 57%) Space twists violently!
The rupture engulfs the ice devil!
The ice devil blinks!
The ice devil is severely wounded.
Unknown command.
Aiming: Warp Space
Press: ? - help, Shift-Dir - straight line, p - ice devil Space twists violently!
The ice devil hits you!
You die...

# #####+##### # #. ......... .#
#.###.###.###.# #.............#
###.###.###.###
#####.###4###.#####
#≈......@........≈# ###
####ß..©.©.©.©.©.©..ß#### ## #ß#
#ß##≈...............≈##ß# #ß
#################################
................≈∩≈..............
.................................
#####.###########.###########.###
§§☼○#.##©##....^#.#WW[!©.#.##.#..
§§☼.#.#.##.###^.#.#W.##.#W#W#.#..


You could see an ice devil and 2 shadows.

Vanquished Creatures
  Erica (D:9)
  An ice dragon (IceCv)
  A hydra (D:12)
  2 two-headed ogres
  A tengu warrior (D:13)
  Maurice (D:7)
  3 cyclopes
  2 manticores
  Joseph (D:9)
  A centaur zombie (D:12)
  2 ice statues (IceCv)
  6 rime drakes
  Psyche (D:10)
  2 ice devils (Gauntlet)
  A tengu conjurer (D:13)
  4 trolls
  Prince Ribbit (D:7)
  6 slime creatures (D:12)
  2 shadows
  5 wraiths
  4 wyverns
  22 yaks
  2 vampires (D:12)
  15 vampire mosquitoes
  An acid dragon (D:9)
  A water moccasin (D:5)
  3 orc warriors
  2 sky beasts (D:6)
  An ice beast (D:7)
  A wolf (D:9)
  2 ogres
  5 centaurs
  3 phantoms
  An elf zombie (Ossuary)
  5 kobold brigands
  5 bullfrogs
  6 scorpions
  5 gnoll sergeants
  21 wights
  4 lindwurm simulacra (IceCv)
  8 killer bees
  4 howler monkeys
  4 electric eels (D:9)
  A bombardier beetle (D:6)
  3 komodo dragon simulacra (IceCv)
  4 orc priests
  2 jellies
  2 human zombies (Ossuary)
  10 hounds
  Jessica (D:2)
  7 iguanas
  11 orc wizards
  3 hound zombies
  A hound skeleton (D:4)
  4 mummies (Ossuary)
  32 gnolls
  8 acid dragon simulacra (IceCv)
  5 adders
  2 shadow imps
  10 white imps
  6 steam dragon simulacra (IceCv)
  3 adder skeletons (D:4)
  An adder zombie (D:4)
  2 dart slugs
  2 ribbon worms
  44 orcs
  4 ball pythons
  7 bats
  7 endoplasms
  7 giant cockroaches
  4 goblins
  2 hobgoblins (D:4)
  5 jackals
  5 quokkas
  3 frilled lizards
  A gnoll zombie (Ossuary)
  A goblin zombie (Ossuary)
  3 hobgoblin zombies (Ossuary)
  A jackal zombie (Ossuary)
  47 kobolds
  A kobold zombie (Ossuary)
  9 rats
  A rat zombie (Ossuary)
  4 foxfires
445 creatures vanquished.

Vanquished Creatures (collateral kills)
  An orc (D:9)
  10 foxfires (D:7)
11 creatures vanquished.

Vanquished Creatures (others)
  Jeremiah (D:7)
  1946 foxfires
1947 creatures vanquished.

Grand Total: 2403 creatures vanquished

Notes
Turn   | Place    | Note
-------+----------+-------------------------------------------
     0 | D:1      | pokeman the Deep Elf Hedge Wizard began the quest for the
                  | Orb.
     0 | D:1      | Reached XP level 1. HP: 10/10 MP: 7/7
   330 | D:1      | Reached XP level 2. HP: 15/15 MP: 7/9
   787 | D:1      | Learned a level 1 spell: Foxfire
  1013 | D:2      | Reached skill level 5 in Spellcasting
  1013 | D:2      | Reached XP level 3. HP: 20/20 MP: 11/11
  1017 | D:2      | Learned a level 3 spell: Mephitic Cloud
  1020 | D:2      | Learned a level 2 spell: Call Imp
  1023 | D:2      | Learned a level 2 spell: Blink
  1029 | D:2      | Noticed Jessica
  1034 | D:2      | Killed Jessica
  1035 | D:2      | Reached skill level 1 in Fighting
  1035 | D:2      | Reached skill level 1 in Armour
  1088 | D:2      | Reached XP level 4. HP: 25/25 MP: 13/13
  1133 | D:2      | Found the amulet of Elemental Vulnerability {rPois rF--
                  | rC-- AC+8}
  1136 | D:2      | Identified the +6 sling of Sofius {flame, SInv Stlth+}
  1749 | D:3      | Found a shimmering altar of Xom.
  1753 | D:3      | Noticed an angel
  1780 | D:3      | Found a glowing silver altar of Zin.
  1864 | D:3      | Found a burning altar of Makhleb.
  1922 | D:3      | Noticed a scorpion
  1930 | D:3      | Killed a scorpion
  1931 | D:3      | Reached skill level 6 in Spellcasting
  1931 | D:3      | Reached XP level 5. HP: 29/29 MP: 12/15
  2089 | D:3      | Found Reukeucs's General Store.
  2800 | D:4      | Found a staircase to the Ecumenical Temple.
  2805 | Temple   | Entered the Ecumenical Temple
  2825 | Temple   | Became a worshipper of Vehumet
  2978 | D:4      | Noticed a phantom
  2994 | D:4      | Killed a phantom
  2995 | D:4      | Reached skill level 1 in Fire Magic
  2995 | D:4      | Reached skill level 1 in Air Magic
  3053 | D:4      | Reached skill level 1 in Alchemy
  3053 | D:4      | Reached skill level 1 in Evocations
  3076 | D:4      | Found a sand-covered staircase.
  3085 | D:4      | Reached XP level 6. HP: 34/34 MP: 17/17
  3098 | Ossuary  | Entered an ossuary
  3208 | Ossuary  | Reached * piety under Vehumet
  3208 | Ossuary  | Offered knowledge of Sandblast by Vehumet.
  3209 | Ossuary  | Reached skill level 7 in Spellcasting
  3613 | D:4      | Reached XP level 7. HP: 38/38 MP: 20/20
  3845 | D:4      | Reached skill level 8 in Spellcasting
  4303 | D:5      | Entered Level 5 of the Dungeon
  4405 | D:5      | Learned a level 3 spell: Ozocubu's Armour
  4420 | D:5      | Reached skill level 9 in Spellcasting
  4420 | D:5      | Reached skill level 1 in Ice Magic
  4420 | D:5      | Reached XP level 8. HP: 40/44 MP: 23/23
  4744 | D:5      | Reached ** piety under Vehumet
  4748 | D:5      | Offered knowledge of Shock by Vehumet.
  5011 | D:5      | Reached skill level 5 in Conjurations
  5273 | D:5      | Found Utez's Assorted Antiques.
  5301 | D:5      | Bought a scroll labelled BOMPOOGRER for 27 gold pieces
  5301 | D:5      | Bought a sedimented red potion for 24 gold pieces
  5301 | D:5      | Bought a scroll labelled GOEFUSHRYIS for 27 gold pieces
  5459 | D:6      | Noticed a two-headed ogre
  5477 | D:6      | Killed a two-headed ogre
  5478 | D:6      | Reached skill level 10 in Spellcasting
  5478 | D:6      | Reached XP level 9. HP: 5/48 MP: 25/25
  5626 | D:6      | Reached skill level 11 in Spellcasting
  5714 | D:6      | Offered knowledge of Hailstorm by Vehumet.
  5736 | D:6      | Learned a level 3 spell: Hailstorm
  5876 | D:6      | Reached *** piety under Vehumet
  6206 | D:6      | Reached skill level 12 in Spellcasting
  6472 | D:7      | Found a runed translucent door.
  6472 | D:7      | Noticed smashvw's ghost (novice TrFi)
  6549 | D:7      | Reached skill level 5 in Ice Magic
  6773 | D:7      | Noticed Jeremiah
  6788 | D:7      | Offered knowledge of Brom's Barrelling Boulder by Vehumet.
  6794 | D:7      | Killed Jeremiah
  7098 | D:7      | Noticed Maurice
  7109 | D:7      | Killed Maurice
  7128 | D:7      | Reached **** piety under Vehumet
  7132 | D:7      | Reached XP level 10. HP: 45/56 MP: 26/28
  7581 | D:7      | Noticed Prince Ribbit
  7593 | D:7      | Killed Prince Ribbit
  8100 | D:8      | Offered knowledge of Fulminant Prism by Vehumet.
  8101 | D:8      | Reached skill level 13 in Spellcasting
  8985 | D:9      | Found a staircase to the Orcish Mines.
  9021 | D:9      | Reached skill level 14 in Spellcasting
  9294 | D:9      | Noticed Joseph
  9304 | D:9      | Killed Joseph
  9304 | D:9      | Reached ***** piety under Vehumet
  9308 | D:9      | Reached XP level 11. HP: 31/61 MP: 19/31
  9353 | D:9      | Offered knowledge of Ozocubu's Refrigeration by Vehumet.
  9362 | D:9      | Learned a level 7 spell: Ozocubu's Refrigeration
  9484 | D:9      | Found a staircase to the Lair.
  9486 | D:9      | Noticed Erica
  9492 | D:9      | Killed Erica
  9554 | D:9      | Found a runed translucent gate.
  9555 | D:9      | Found a runed translucent gate.
  9555 | D:9      | Noticed JoadsterXIII's ghost (novice SpBr)
  9560 | D:9      | Identified the +8 plate armour "Cyown" {rF+ rC+}
  9716 | D:9      | Found a runed translucent gate.
  9717 | D:9      | Found a roughly hewn altar of Beogh.
  9731 | D:9      | Found a roughly hewn altar of Beogh.
  9742 | D:9      | Found a hide-covered altar of Uskayaw.
  9798 | D:9      | Reached skill level 15 in Spellcasting
 10194 | D:10     | Entered Level 10 of the Dungeon
 10269 | D:10     | Found a basalt altar of Yredelemnul.
 10385 | D:10     | Noticed Psyche
 10387 | D:10     | Noticed a two-headed ogre
 10414 | D:10     | Killed Psyche
 10422 | D:10     | Killed a two-headed ogre
 10423 | D:10     | Reached skill level 1 in Earth Magic
 10594 | D:10     | Reached skill level 5 in Armour
 11573 | D:11     | Reached skill level 16 in Spellcasting
 11595 | D:11     | Identified 2 scrolls of acquirement
 11643 | D:11     | Found a frozen archway.
 11668 | IceCv    | Entered an ice cave
 11977 | IceCv    | Offered knowledge of Flame Wave by Vehumet.
 11987 | IceCv    | Learned a level 4 spell: Flame Wave
 12418 | IceCv    | Reached XP level 12. HP: 40/67 MP: 13/34
 12680 | IceCv    | Noticed an ice dragon
 12706 | IceCv    | Killed an ice dragon
 12707 | IceCv    | Reached skill level 5 in Fighting
 13336 | D:11     | Reached skill level 17 in Spellcasting
 13337 | D:11     | Reached skill level 1 in Shields
 13337 | D:11     | Reached skill level 10 in Ice Magic
 13513 | D:11     | Acquired 1081 gold pieces
 13515 | D:11     | Acquired 885 gold pieces
 13701 | D:3      | Bought the ring "Yhiack" {rCorr MP+9 Int+2} for 368 gold
                  | pieces
 13955 | D:12     | Found Wokkumupekh's Weapon Shoppe.
 14012 | D:12     | Noticed a five-headed hydra
 14017 | D:12     | Killed a five-headed hydra
 14194 | D:12     | Found Retekhosch's Antique Armour Shop.
 14198 | D:12     | Bought a shiny helmet for 202 gold pieces
 14226 | D:12     | Found Penlo's Distillery.
 14287 | D:12     | Bought a potion of degeneration for 14 gold pieces
 14287 | D:12     | Bought a potion of curing for 42 gold pieces
 14287 | D:12     | Bought a potion of curing for 42 gold pieces
 14466 | D:12     | Found Xoiph's Assorted Antiques.
 14504 | D:12     | Bought a smoky orange potion for 29 gold pieces
 15025 | D:12     | Reached skill level 18 in Spellcasting
 15228 | D:12     | Found Ighots's Jewellery Boutique.
 15327 | D:13     | Noticed a tengu warrior
 15327 | D:13     | Found a gate leading to a gauntlet.
 15329 | D:13     | Killed a tengu warrior
 15335 | Gauntlet | Entered a Gauntlet
 15335 | Gauntlet | Found a transporter.
 15343 | Gauntlet | Found a transporter.
 15345 | Gauntlet | Found a transporter.
 15352 | Gauntlet | Found a transporter.
 15368 | Gauntlet | Found a transporter.
 15370 | Gauntlet | Noticed a blizzard demon
 15376 | Gauntlet | Found a transporter.
 15391 | Gauntlet | Found a transporter.
 15410 | Gauntlet | Found a transporter.
 15418 | Gauntlet | Noticed a quicksilver ooze
 15419 | Gauntlet | Found a transporter.
 15434 | Gauntlet | Found a transporter.
 15439 | Gauntlet | Found a transporter.
 15441 | Gauntlet | Found a transporter.
 15461 | Gauntlet | Noticed a catoblepas
 15464 | Gauntlet | Found a transporter.
 15469 | Gauntlet | Found a transporter.
 15483 | Gauntlet | Noticed a catoblepas
 15486 | Gauntlet | Found a transporter.
 15492 | Gauntlet | Found a transporter.
 15535 | Gauntlet | Found a transporter.
 15562 | Gauntlet | Found a transporter.
 15804 | Gauntlet | Identified the +0 hat of the Dungeon {Harm rC- rN+++ Str-3}
 15810 | Gauntlet | HP: 3/68 [ice devil (5)]
 15830 | Gauntlet | Slain by an ice devil

Illustrated notes

Levels and vault maps discovered:
D:1:      wander_arrival_estate, layout_loops_ring
D:2:      layout_rooms, uniq_jessica
D:3:      minmay_door_path, layout_basic, lemuel_round_altar,
          grunt_temple_overflow_order_and_chaos_1, serial_shops, shop
D:4:      layout_basic, temple_doors_cd, mainiacjoe_ossuary_entry_find_the_door,
          chequers_decorated_corner, minmay_pentomino_pile
D:5:      layout_gridville, serial_shops, nicolae_shop_window_shopping,
          kennysheep_small_circle
D:6:      layout_rooms, minmay_divided_ellipse
D:7:      kennysheep_kobold_camp, layout_loops_corners, gammafunk_ghost_grave,
          minmay_hedge_maze, uniq_maurice, uniq_jeremiah, uniq_prince_ribbit1
D:8:      layout_gridville
D:9:      layout_basic, eat_drink_and_be_merry_uskayaw, erik_lair_island,
          biasface_ghost_orc_armoury, special_room [special_room_orc],
          uniq_joseph, uniq_erica
D:10:     layout_irregular_city, kennysheep_little_box, minivault_22,
          uniq_psyche
D:11:     layout_roguey, portal_ice_cave_rime, kennysheep_generic_room_14
D:12:     layout_long_grid, serial_shops, nicolae_stop_n_shop_1, shop, shop,
          nicolae_shop_tiny_glass, nicolae_shop_tiny_glass, serial_undead,
          serial_undead_c, serial_undead_c, serial_undead_f, serial_undead_b
D:13:     layout_cross, david_vaults_5, gauntlet_entry_generic
Temple:   bh_familiar_temple
Gauntlet: gammafunk_gauntlet_one_two_three [nicolae_gauntlet_arena_flowing_pool,
          gammafunk_gauntlet_arena_hedges,
          gammafunk_gauntlet_arena_split_diamond,
          gammafunk_gauntlet_arena_crates, gammafunk_gauntlet_arena_teeth,
          gammafunk_gauntlet_arena_spirals, gammafunk_gauntlet_arena_mazey,
          gammafunk_gauntlet_arena_chambers, nicolae_gauntlet_swirl,
          gauntlet_exit_hidden_loot]

Skill      XL: |  1  2  3  4  5  6  7  8  9 10 11 12 |
---------------+-------------------------------------+-----
Spellcasting   | 5 6 7 9 10 12 14 16 18 | 18.2
Fighting       | 1 2 3 4 5 |  5.0
Armour         | 1 3 4 5 |  5.0
Conjurations   | 2 3 4 5 7 8 9 |  9.2
Stealth        | 3 |  3.1
Dodging        | 3 |  3.0
Fire Magic     | 1 |  1.0
Air Magic      | 1 |  1.0
Alchemy        | 1 2 |  2.0
Evocations     | 1 2 |  2.0
Ice Magic      | 1 3 5 7 9 11 | 11.5
Earth Magic    | 1 |  1.3
Shields        | 3 |  3.1
Summonings     | |  1.1
Translocations | |  1.1

Action                     |  1- 3 |  4- 6 |  7- 9 | 10-12 || total
---------------------------+-------+-------+-------+-------++-------
  Melee: Long sword        |     2 |    34 |    44 |    10 ||    90
         Trident           |       |       |       |    37 ||    37
   Fire: Sling             |       |       |       |    11 ||    11
   Cast: Magic Dart        |    43 |     1 |     2 |     2 ||    48
         Foxfire           |    15 |   150 |   309 |   610 ||  1084
         Mephitic Cloud    |       |     2 |     9 |    25 ||    36
         Blink             |       |     4 |       |     9 ||    13
         Call Imp          |       |     1 |       |     2 ||     3
         Flame Wave        |       |       |       |    28 ||    28
         Hailstorm         |       |       |       |     9 ||     9
         Ozocubu's Refrige |       |       |       |    28 ||    28
  Evoke: Wand              |       |       |       |    10 ||    10
    Use: Scroll            |       |       |       |    11 ||    11
   Stab: Sleeping          |     1 |       |     2 |       ||     3
         Confused          |       |       |     3 |    12 ||    15
 Armour: Robe              |     7 |    56 |    74 |    89 ||   226
         Leather armour    |       |       |       |    60 ||    60
  Dodge: Dodged            |     4 |    74 |    66 |   103 ||   247

Table legend: (Time is in decaauts)
 A = Elapsed time spent in this place.
 B = Non-inter-level travel time spent in this place.
 C = Inter-level travel time spent in this place.
 D = Time resting spent in this place.
 E = Time spent auto-exploring this place.
 F = Levels seen in this place.
 G = Mean time per level.
                   A        B        C        D        E       F      G
               +--------+--------+--------+--------+--------+-----+--------+
         Total |  15915 |  14828 |   1087 |    239 |  11251 |  17 |  936.2 |
       Dungeon |  13636 |  12593 |   1043 |     27 |  10106 |  13 | 1048.9 |
        Temple |     90 |     46 |     44 |      0 |      0 |   1 |   90.0 |
       Ossuary |    444 |    444 |      0 |     23 |    290 |   1 |  444.0 |
      Ice Cave |   1249 |   1249 |      0 |    189 |    714 |   1 | 1249.0 |
      Gauntlet |    494 |    494 |      0 |      0 |    141 |   1 |  494.0 |
               +--------+--------+--------+--------+--------+-----+--------+

Top non-repeatable levels by time:
     D:7: 1704 daAuts
    D:12: 1376 daAuts
     D:9: 1328 daAuts
   IceCv: 1249 daAuts
     D:4: 1173 daAuts
    D:10: 1118 daAuts
     D:3: 1117 daAuts
     D:6: 1108 daAuts
     D:5: 1080 daAuts
     D:1: 1009 daAuts
    D:11: 949 daAuts
     D:8: 928 daAuts
     D:2: 734 daAuts
Gauntlet: 494 daAuts
 Ossuary: 444 daAuts
